 Dungeon Crawl Stone Soup version 0.23.0 (webtiles) character file.

Game seed: 11783352386836434852

8507 Paps the Covert (level 11, -9/82 HPs)
             Began as a Demonspawn Fighter on Feb 8, 2019.
             Was an Elder of Dithmenos.
             Mangled by an eight-headed hydra (12 damage)
             ... on level 9 of the Dungeon.
             The game lasted 00:43:25 (11409 turns).

Paps the Covert (Demonspawn Fighter)               Turns: 11409, Time: 00:43:27

Health: -9/82      AC:  7    Str: 18    XL:     11   Next: 10%
Magic:  0/11       EV: 19    Int: 13    God:    Dithmenos [****..]
Gold:   483        SH:  9    Dex: 15    Spells: 10/10 levels left

rFire    . . .     SeeInvis .   e - +3 dagger (drain)
rCold    . . .     Gourm    .   i - +3 buckler
rNeg     . . .     Faith    .   k - +0 troll leather armour
rPois    .         Spirit   +   (helmet restricted)
rElec    .         Reflect  .   (no cloak)
rCorr    .         Harm     .   (no gloves)
MR       .....                  z - +2 pair of boots
Stlth    +++++++...             (no amulet)
HPRegen  0.63/turn              x - +4 ring of intelligence
MPRegen  0.12/turn              (no ring)

@: about to teleport, wreathed by umbra
A: antennae 2, fangs 1, repulsion field 2, camouflage 1, demonic guardian 1,
sense surroundings 1, magic shield, MP-powered wands
a: Shadow Step, Renounce Religion


You were on level 9 of the Dungeon.
You worshipped Dithmenos.
Dithmenos was greatly pleased with you.
You were not hungry.

You visited 3 branches of the dungeon, and saw 11 of its levels.

You collected 483 gold pieces.

Inventory:

Hand Weapons
 a - a +0 long sword
 e - a +3 dagger of draining (weapon)
 D - the +2 hand axe of Vaitying {distort, MR+}
   (You found it on level 5 of the Dungeon)

   It warps and distorts space around it.
   Unwielding it can cause banishment or high damage.
   It affects your resistance to hostile enchantments.
 F - a +4 flail of protection
Armour
 b - a +0 scale mail
 c - a +2 helmet
 i - a +3 buckler (worn)
 k - a +0 troll leather armour (worn)
 m - a +0 robe
 z - a +2 pair of boots (worn)
Jewellery
 x - a +4 ring of intelligence (left hand)
Wands
 g - a wand of polymorph (5)
 y - a wand of flame (25)
 G - a wand of random effects (43)
Scrolls
 h - 3 scrolls of remove curse
 j - a scroll of amnesia
 n - 2 scrolls of magic mapping
 p - 2 scrolls of fear
 q - 3 scrolls of teleportation
Potions
 d - a potion of might
 r - 2 potions of lignification
 u - a potion of flight
 v - 4 potions of brilliance
 w - a potion of agility
 B - 4 potions of curing
 E - a potion of mutation
Comestibles
 f - 24 rations
 l - 3 chunks of flesh


   Skills:
 + Level 6.3 Fighting
 + Level 8.0(8.2) Short Blades
 + Level 2.1(5.5) Long Blades
 + Level 0.5 Maces & Flails
 - Level 3.1 Armour
 + Level 7.0 Dodging
 * Level 8.6 Stealth
 + Level 7.0 Shields


You had 10 spell levels left.
You didn't know any spells.
Your spell library contained the following spells:

 Spells                   Type           Power        Failure   Level  Hunger
 Magic Dart               Conj           #...         36%         1    ##.....
 Blink                    Tloc           N/A          50%         2    ###....
 Call Imp                 Summ           #.......     50%         2    ###....
 Slow                     Hex            #.......     50%         2    ###....
 Conjure Flame            Conj/Fire      #.......     73%         3    ####...
 Mephitic Cloud           Conj/Pois/Air  #.......     73%         3    ####...


Dungeon Overview and Level Annotations

Branches:
Dungeon (9/15)             Temple (1/1) D:4            Lair (1/6) D:9
    Orc: D:9-12

Altars:
Dithmenos
Gozag
Kikubaaqudgha
Makhleb
Okawaru
Ru
Sif Muna
Uskayaw
Wu Jian
Xom

Annotations:
D:8 1 runed translucent door, poxu's ghost, novice NaEE


Innate Abilities, Weirdness & Mutations

You have a pair of antennae on your head.
You are surrounded by a moderate repulsion field. (EV +3)
A weak demonic guardian rushes to your aid.
When hurt, damage is shared between your health and your magic reserves.
You have very sharp teeth.
Your skin changes colour to match your surroundings (Stealth+).
You passively map a small area around you.
You expend magic power (3 MP) to strengthen your wands.


Message History

You feel strangely unstable. The porcupine completely misses you.
The hippogriff bites you! You block the hippogriff's attack.
The hippogriff closely misses you. The eight-headed hydra bites you.
The eight-headed hydra barely misses you.
The eight-headed hydra completely misses you.
The eight-headed hydra bites you!
* * * LOW HITPOINT WARNING * * *
The eight-headed hydra barely misses you.
The eight-headed hydra bites you!
* * * LOW HITPOINT WARNING * * *
You block the eight-headed hydra's attack.
The eight-headed hydra completely misses you.
The porcupine barely misses you.
You feel better. You block the hippogriff's attack.
The hippogriff pecks you but does no damage.
The hippogriff misses you. The eight-headed hydra bites you!
* * * LOW HITPOINT WARNING * * *
You block the eight-headed hydra's attack.
The eight-headed hydra bites you!
You die...

....#......<#.##.........'....#..
....#............≈...........####
....#....≈≈...≈.........≈....####
.##.#......≈..≈≈≈≈≈≈..≈≈≈........
.##.'......≈≈≈≈≈≈≈≈≈≈≈≈≈≈≈.......
....#.....≈.≈≈≈≈..≈≈≈≈≈≈≈≈≈......
#...#......≈≈≈..≈...≈≈≈≈.........
#...###..≈≈.≈≈≈.r.≈..≈≈≈≈≈...'##.
#...# #...≈≈≈≈.D@..............#.
#...###.≈≈.≈≈≈≈..H..≈≈≈≈≈≈≈..#.#.
#...##....≈≈≈≈.≈≈.≈.≈≈≈≈≈≈≈..#.#.
'...##....≈≈≈≈≈≈≈≈≈≈≈≈≈≈≈≈.....##
#...##....≈≈≈≈≈≈≈≈≈≈≈≈.≈.≈....###
#...#....≈≈..≈≈≈≈≈≈≈≈≈..≈≈....#..
#...#........≈≈≈≈≈≈≈..≈.......#..
#...#........≈≈≈≈≈≈...........#.#
#...#.)###################.'###.#


You could see an eight-headed hydra, a hippogriff and a porcupine.

Vanquished Creatures
  A hydra (D:8)
  Harold (D:9)
  2 two-headed ogres
  The ghost of Tramtrist the Chopper, a novice DDFi (D:6)
  A rime drake (D:9)
  A hornet (D:9)
  2 blink frogs (D:8)
  Duvessa (D:7)
  2 water moccasins (D:8)
  A porcupine (Lair:1)
  2 ice beasts
  An orc warrior (D:6)
  A black bear (D:9)
  3 wolves (D:9)
  2 ogres
  3 phantoms
  A crocodile (Lair:1)
  2 centaurs (D:6)
  4 bullfrogs
  A water moccasin zombie (D:9)
  Dowan (D:7)
  8 wights
  3 electric eels
  7 howler monkeys
  A centaur zombie (D:7)
  4 jellies
  A quasit (D:6)
  10 hounds
  3 orc priests
  A bullfrog skeleton (D:5)
  5 orc wizards
  A centaur skeleton (D:4)
  2 iguanas
  5 worker ants
  A killer bee zombie (D:6)
  A worker ant zombie (D:5)
  8 gnolls
  9 adders
  3 shadow imps
  6 oozes
  An adder skeleton (D:5)
  4 adder zombies
  4 dart slugs
  8 leopard geckos
  34 orcs
  3 bats (D:1)
  6 giant cockroaches
  10 goblins
  6 hobgoblins
  10 jackals
  10 kobolds
  A quokka (D:2)
  3 frilled lizards
  A jackal zombie (D:6)
  3 leopard gecko skeletons
  A quokka skeleton (D:6)
  A quokka zombie (D:5)
  10 rats
229 creatures vanquished.

Vanquished Creatures (collateral kills)
  A spiny frog (D:9)
  A troll (D:9)
  A hippogriff (D:8)
  Menkaure (D:4)
  2 sky beasts
  A centaur (D:6)
  2 ogres
  A bullfrog (D:6)
  A hound (D:7)
  An orc priest (D:9)
  An orc wizard (D:4)
  6 orcs
19 creatures vanquished.

Vanquished Creatures (others)
  2 withered plants (D:6)
2 creatures vanquished.

Grand Total: 250 creatures vanquished

Notes
Turn   | Place    | Note
-------+----------+-------------------------------------------
     0 | D:1      | Paps the Demonspawn Fighter began the quest for the Orb.
     0 | D:1      | Reached XP level 1. HP: 18/18 MP: 1/1
   117 | D:1      | Gained mutation: You are surrounded by a mild repulsion
                  | field. (EV +2) [demonic ancestry]
   117 | D:1      | Reached XP level 2. HP: 24/24 MP: 2/2
   529 | D:1      | Gained mutation: You have a pair of small antennae on your
                  | head. [demonic ancestry]
   529 | D:1      | Reached XP level 3. HP: 25/29 MP: 3/3
  1690 | D:2      | Gained mutation: A weak demonic guardian rushes to your
                  | aid. [demonic ancestry]
  1690 | D:2      | Reached XP level 4. HP: 33/35 MP: 4/4
  2164 | D:3      | Reached skill level 1 in Short Blades
  2286 | D:3      | Reached skill level 1 in Dodging
  2286 | D:3      | Reached skill level 1 in Stealth
  2729 | D:3      | Reached XP level 5. HP: 41/41 MP: 5/5
  2991 | D:4      | Noticed a phantom
  3040 | D:4      | Killed a phantom
  3111 | D:4      | Found a staircase to the Ecumenical Temple.
  3130 | Temple   | Entered the Ecumenical Temple
  3145 | Temple   | Became a worshipper of Dithmenos the Shadowed
  3193 | D:4      | Gained mutation: You are surrounded by a moderate repulsion
                  | field. (EV +3) [demonic ancestry]
  3193 | D:4      | Reached XP level 6. HP: 28/48 MP: 6/6
  3390 | D:4      | Noticed Menkaure
  3419 | D:4      | Killed Menkaure
  4224 | D:5      | Entered Level 5 of the Dungeon
  4553 | D:5      | Reached XP level 7. HP: 29/53 MP: 7/7
  4707 | D:5      | Reached * piety under Dithmenos
  5257 | D:5      | Got a faintly glowing hand axe
  5258 | D:5      | Identified the +2 hand axe of Vaitying {distort, MR+} (You
                  | found it on level 5 of the Dungeon)
  6034 | D:6      | Found a runed translucent door.
  6034 | D:6      | Noticed Tramtrist's ghost (novice DDFi)
  6050 | D:6      | Gained mutation: When hurt, damage is shared between your
                  | health and your magic reserves. [demonic ancestry]
  6050 | D:6      | Reached XP level 8. HP: 53/60 MP: 8/8
  6671 | D:6      | Reached ** piety under Dithmenos
  6739 | D:6      | Killed Tramtrist's ghost
  6739 | D:6      | Reached skill level 5 in Short Blades
  6739 | D:6      | Reached skill level 5 in Stealth
  7049 | D:7      | Reached skill level 5 in Shields
  7202 | D:7      | Reached skill level 5 in Fighting
  7211 | D:7      | Reached XP level 9. HP: 65/68 MP: 9/9
  7231 | D:7      | Noticed Duvessa
  7232 | D:7      | Noticed Dowan
  7243 | D:7      | Killed Duvessa
  7258 | D:7      | Killed Dowan
  7701 | D:7      | Found an ancient bone altar of Kikubaaqudgha.
  7832 | D:7      | Found a burning altar of Makhleb.
  8050 | D:8      | Noticed a two-headed ogre
  8073 | D:8      | Killed a two-headed ogre
  8073 | D:8      | Reached skill level 5 in Dodging
  8350 | D:8      | Found a runed translucent door.
  8370 | D:8      | Noticed poxu's ghost (novice NaEE)
  8530 | D:8      | Found a shimmering altar of Xom.
  8533 | D:8      | Found a sacrificial altar of Ru.
  9075 | D:9      | Reached *** piety under Dithmenos
  9123 | D:9      | Noticed a troll
  9144 | D:9      | Killed a troll
  9156 | D:9      | Gained mutation: You have a pair of antennae on your head.
                  | [demonic ancestry]
  9156 | D:9      | Reached XP level 10. HP: 36/74 MP: 5/10
  9676 | D:9      | Found a deep blue altar of Sif Muna.
  9676 | D:9      | Found an ornate altar of the Wu Jian Council.
  9750 | D:9      | Noticed a two-headed ogre
  9756 | D:9      | Killed a two-headed ogre
 10277 | D:9      | Noticed Harold
 10369 | D:9      | Killed Harold
 10549 | D:9      | Gained mutation: You passively map a small area around you.
                  | [potion of mutation]
 10549 | D:9      | Gained mutation: You expend magic power (3 MP) to
                  | strengthen your wands. [potion of mutation]
 10549 | D:9      | Gained mutation: You have very sharp teeth. [potion of
                  | mutation]
 10549 | D:9      | Gained mutation: Your skin changes colour to match your
                  | surroundings (Stealth+). [potion of mutation]
 10573 | D:9      | Found a staircase to the Lair.
 10906 | Lair:1   | Entered Level 1 of the Lair of Beasts
 11045 | Lair:1   | Noticed a spiny frog
 11046 | Lair:1   | Noticed a six-headed hydra
 11067 | D:9      | Reached **** piety under Dithmenos
 11080 | D:9      | Killed a spiny frog
 11144 | Lair:1   | Noticed an eight-headed hydra
 11252 | D:8      | Killed a six-headed hydra
 11252 | D:8      | Reached XP level 11. HP: 50/81 MP: 4/11
 11409 | D:9      | HP: 3/82 [eight-headed hydra (8)]
 11409 | D:9      | Mangled by an eight-headed hydra

Skill      XL: |  1  2  3  4  5  6  7  8  9 10 11 |
---------------+----------------------------------+-----
Armour         | 3 |  3.1
Shields        | 3 4 5 6 7 |  7.0
Long Blades    | 2 |  2.1
Short Blades   | 1 2 3 4 5 6 8 |  8.0
Dodging        | 1 2 4 5 6 7 |  7.0
Stealth        | 1 2 4 5 7 8 |  8.6
Fighting       | 4 5 6 |  6.3
Maces & Flails | |  0.5

Action                   |  1- 3 |  4- 6 |  7- 9 | 10-12 || total
-------------------------+-------+-------+-------+-------++-------
Melee: Long sword        |    26 |       |       |       ||    26
       Dagger            |    96 |   214 |   555 |   387 ||  1252
       Flail             |       |       |     1 |       ||     1
       Bite              |       |       |       |     7 ||     7
  Use: Potion            |       |       |     5 |     9 ||    14
       Scroll            |       |       |    11 |     6 ||    17
 Stab: Sleeping          |       |     5 |    18 |     4 ||    27
       Distracted        |       |     1 |     1 |       ||     2
  Eat: Chunk             |     2 |    10 |    15 |     7 ||    34
Armor: Scale mail        |    37 |       |       |       ||    37
       Robe              |     2 |     9 |    46 |       ||    57
       Skin              |       |       |     6 |    28 ||    34
       Troll leather arm |       |       |       |    48 ||    48
Dodge: Dodged            |    71 |    94 |   306 |   244 ||   715
Block: Shield            |    16 |       |       |       ||    16
       Buckler           |    36 |    45 |   151 |   124 ||   356
       Rpst.: Long sword |     3 |       |       |       ||     3
